 Dungeon Crawl Stone Soup version 0.19-a0-1626-g5215c36 (webtiles) character file.

25380 Alarkh the Carver (level 12, -8/86 HPs)
             Began as a Mummy Necromancer on Sept 18, 2016.
             Was a High Priest of Okawaru.
             Mangled by a six-headed hydra (11 damage)
             ... on level 12 of the Dungeon.
             The game lasted 00:36:13 (17186 turns).

Alarkh the Carver (Mummy Necromancer)              Turns: 17186, Time: 00:36:14

Health: -8/86      AC: 24    Str: 12    XL:     12   Next: 89%
Magic:  6/22       EV: 11    Int: 21    God:    Okawaru [*****.]
Gold:   408        SH:  5    Dex: 16    Spells: 6 memorised, 3 levels left

rFire  x . .     SeeInvis +     r - +12 falchion "Tocsahuci" {vamp, rPois}
rCold  + . .     Gourm    .     M - +6 scale mail of the World {*Drain +Fly Dex+4 SInv}
rNeg   + + +     Faith    .     z - +0 buckler
rPois  ∞         Spirit   .     f - +3 crown of Dyrovepreva {rElec Int+2 SInv}
rElec  +         Dismiss  .     C - +2 cloak {+Inv}
rCorr  .         Reflect  .     B - +1 pair of gloves
MR     +....     Harm     .     J - +0 pair of boots
Stlth  +.........               (no amulet)
                                L - ring of stealth
                                D - +2 ring of protection

@: heavily drained
A: no food or potions, fire vulnerability, cold resistance 1, negative energy
resistance 3, torment resistance, unbreathing
a: Heroism, Finesse, Renounce Religion, Evoke Invisibility, Evoke Flight


You were on level 12 of the Dungeon.
You worshipped Okawaru.
Okawaru was extremely pleased with you.
You were not hungry.

You visited 3 branches of the dungeon, and saw 15 of its levels.
You also visited: Ice Cave.

You collected 664 gold pieces.
You spent 256 gold pieces at shops.

Inventory:

Hand Weapons
 r - the +12 falchion "Tocsahuci" (weapon) {vamp, rPois}
   (You found it on level 5 of the Dungeon)

   It inflicts no extra harm, but heals its wielder somewhat when it strikes a
   living foe.
   It protects you from poison.
Armour
 a - a +1 leather armour of positive energy
 f - the +3 crown of Dyrovepreva (worn) {rElec Int+2 SInv}
   (You found it in an ice cave)

   It affects your intelligence (+2).
   It insulates you from electricity.
   It lets you see invisible.
 h - a +3 ring mail of magic resistance
 i - a +2 plate armour of cold resistance
 j - a +0 cloak of poison resistance
 l - a +1 leather armour of fire resistance
 z - a +0 buckler (worn)
 B - a +1 pair of gloves (worn)
 C - a +2 cloak of invisibility (worn)
 J - a +0 pair of boots (worn)
 M - the +6 scale mail of the World (worn) {*Drain +Fly Dex+4 SInv}
   (You found it on level 11 of the Dungeon)

   It affects your dexterity (+4).
   It lets you see invisible.
   It lets you fly.
   It causes draining when unequipped.
Jewellery
 w - an uncursed ring of teleportation
 D - a +2 ring of protection (left hand)
 L - a ring of stealth (right hand)
 N - an uncursed ring of resist corrosion
Wands
 s - a wand of digging (13/24)
 v - a wand of digging (5/24)
 G - a wand of lightning (4/15)
Scrolls
 b - a scroll of amnesia
 d - 8 scrolls of remove curse
 g - 2 scrolls of fear
 k - 3 scrolls of recharging
 m - 3 scrolls of magic mapping
 n - a scroll of torment {unknown}
 A - 3 scrolls of teleportation
 H - a scroll of summoning {unknown}
 T - a scroll of enchant armour {unknown}
Books
 c - a book of the Sky

   Spells                             Type                      Level
   a - Summon Lightning Spire         Summoning/Air                4
   b - Airstrike                      Air                          4
   c - Silence                        Hexes/Air                    5
   d - Deflect Missiles               Charms/Air                   6
   e - Conjure Ball Lightning         Conjuration/Air              6
   f - Tornado                        Air                          9


   Skills:
 + Level 5.6(4.0) Fighting
 * Level 11.9(10.1) Long Blades
 + Level 4.7(3.1) Armour
 + Level 5.4(3.8) Dodging
 - Level 1.5(0.1) Stealth
 + Level 6.6(5.0) Shields
 + Level 7.2(5.5) Spellcasting
 + Level 8.4(6.7) Necromancy


You had 3 spell levels left.
You knew the following spells:

 Your Spells              Type           Power        Failure   Level  Hunger
a - Pain                  Necr           ####         3%          1    N/A
b - Vampiric Draining     Necr           ####......   12%         3    N/A
c - Control Undead        Necr           ####......   34%         4    N/A
d - Animate Dead          Necr           N/A          34%         4    N/A
e - Dispel Undead         Necr           ####....     86%         5    N/A
f - Bolt of Draining      Conj/Necr      ###.......   100%        5    N/A

Dungeon Overview and Level Annotations

Branches:
Dungeon (12/15)            Temple (1/1) D:6            Lair (2/6) D:11
    Orc (0/2) D:12
  Swamp: Lair:2-4    Shoals: Lair:2-4     Snake: Lair:2-4    Spider: Lair:2-4

Altars:
Ashenzari
Cheibriados
Dithmenos
Elyvilon
Fedhas
Gozag
Hepliaklqana
Kikubaaqudgha
Makhleb
Nemelex Xobeh
Okawaru
Qazlal
Ru
Sif Muna
Trog
Uskayaw
Vehumet
Xom
Yredelemnul
Zin
The Shining One

Shops:
D:4 [   D:5 !   D:7 [   D:11 (   D:12 !(


Innate Abilities, Weirdness & Mutations

You do not eat or drink.
Your flesh is vulnerable to fire.
You are immune to poison.
Your flesh is cold resistant. (rC+)
You are immune to negative energy. (rN+++)
You are immune to unholy pain and torment.
You can survive without breathing.


Message History

The six-headed hydra bites you but does no damage.
The six-headed hydra closely misses you.
The six-headed hydra bites you but does no damage.
The six-headed hydra bites you! The six-headed hydra bites you.
Casting: Vampiric Draining
Confirm with . or Enter, or press ? or * to list all spells.
Aiming: Vampiric Draining
Press: ? - help, Shift-Dir - straight line, f/p - six-headed hydra
Aim: a six-headed hydra (severely wounded)
The six-headed hydra is severely wounded.
You feel life coursing into your body.
You block the six-headed hydra's attack.
The six-headed hydra bites you. x2
* * * LOW HITPOINT WARNING * * *
The six-headed hydra bites you!
* * * LOW HITPOINT WARNING * * *
The six-headed hydra bites you!
* * * LOW HITPOINT WARNING * * *
The six-headed hydra bites you!
You die...

#.#####.#####∩# #.##.
#.# #.# #.# #.##. #.#
#.# #.# #.### #.# #.#
#.# #.# #.# #.# #.#
#.# #.# #.# #.###.###
#.# #.## #.##.....
#.####...####.##..###
#...@D.?...%......#
######...###..#...#
.###.......# #
#.#...#.###
###...÷÷..#..
.......#......
#####.....##>.
#####.#### ###.#


You could see a six-headed hydra.

Vanquished Creatures
  The ghost of Mordaer the Pandemonic, a journeyman DDGl of Makhleb (IceCv)
  An ogre mage (D:10)
  3 unseen horrors
  2 hill giants (D:11)
  The ghost of shnurlf the Cleaver, a novice HOFi of Gozag (D:6)
  A necromancer (IceCv)
  5 ugly things
  A black mamba (Lair:1)
  3 ice statues (IceCv)
  Joseph (D:7)
  4 komodo dragons
  A rime drake (Lair:1)
  10 ice devils (IceCv)
  A two-headed ogre (D:11)
  5 trolls
  Prince Ribbit (D:7)
  Grinder (D:5)
  4 hippogriffs
  3 wraiths
  16 yaks
  A wyvern (D:11)
  2 hungry ghosts
  Menkaure (D:4)
  A water moccasin (Lair:1)
  6 orc warriors
  2 ice beasts
  3 sky beasts
  2 phantoms
  The ghost of HAL9000 the Cudgeler, an amateur MiFi (D:3)
  An eye of draining (D:10)
  A wasp (D:10)
  A necrophage (D:9)
  4 ogres
  4 wolves (Lair:1)
  11 centaurs
  2 crocodiles
  A big kobold (D:9)
  9 bullfrogs
  A gnoll sergeant (D:7)
  7 scorpions
  5 killer bees
  3 howler monkeys
  4 crimson imps
  3 quasits
  A wasp zombie (D:11)
  5 draconian simulacra (IceCv)
  9 jellies
  A gnoll shaman (D:8)
  5 hounds
  7 orc priests
  3 bullfrog skeletons
  6 orc wizards
  2 centaur skeletons
  4 iguanas
  4 worker ants
  Natasha (thrice) (D:4)
  A spriggan simulacrum (IceCv)
  A centaur simulacrum (IceCv)
  A hound skeleton (D:9)
  A howler monkey zombie (D:11)
  18 gnolls
  13 adders
  A naga simulacrum (IceCv)
  2 ogre simulacra (IceCv)
  24 river rats
  A shadow imp (D:5)
  6 oozes
  An adder zombie (D:9)
  2 adder skeletons (D:5)
  2 worms (D:3)
  A dart slug (D:3)
  4 leopard geckos
  37 orcs
  8 bats
  7 giant cockroaches
  4 goblins
  3 hobgoblins
  4 jackals (D:9)
  5 quokkas
  3 ball pythons
  2 frilled lizards
  15 kobolds
  2 rats
360 creatures vanquished.

Vanquished Creatures (collateral kills)
  2 orcs (D:4)
2 creatures vanquished.

Vanquished Creatures (others)
  A goblin (D:1)
  A rat (D:1)
  A fungus (Lair:1)
3 creatures vanquished.

Grand Total: 365 creatures vanquished

Notes
Turn   | Place    | Note
-------+----------+-------------------------------------------
     0 | D:1      | Alarkh the Mummy Necromancer began the quest for the Orb.
     0 | D:1      | Reached XP level 1. HP: 13/13 MP: 3/3
   334 | D:1      | Reached XP level 2. HP: 10/19 MP: 0/5
   793 | D:1      | Reached XP level 3. HP: 16/24 MP: 1/7
  1199 | D:2      | Found a sparkling altar of Nemelex Xobeh.
  1200 | D:2      | Found a blossoming altar of Fedhas.
  1203 | D:2      | Reached XP level 4. HP: 30/30 MP: 4/8
  1513 | D:3      | Noticed HAL9000's ghost (amateur MiFi)
  1579 | D:3      | Reached skill level 5 in Necromancy
  1594 | D:3      | Learned a level 3 spell: Vampiric Draining
  1599 | D:3      | Learned a level 4 spell: Control Undead
  1852 | D:3      | Reached XP level 5. HP: 35/35 MP: 2/10
  2073 | D:4      | Noticed Menkaure
  2097 | D:4      | Found Jifeneiff's Antique Armour Shop.
  2954 | D:2      | Reached XP level 6. HP: 26/41 MP: 0/12
  3190 | D:2      | Learned a level 4 spell: Animate Dead
  3579 | D:5      | Entered Level 5 of the Dungeon
  3583 | D:5      | Found Zarugun's Distillery.
  3604 | D:5      | Got a slimy cloak
  3610 | D:5      | Identified the +2 cloak of the Illusory Gods {rN+} (You found it on level 5 of the Dungeon)
  3873 | D:5      | Found a sacrificial altar of Ru.
  3873 | D:5      | Found a shattered altar of Ashenzari.
  3874 | D:5      | Found a glowing golden altar of the Shining One.
  3877 | D:5      | Reached skill level 5 in Spellcasting
  3963 | D:5      | Got a steaming falchion
  3964 | D:5      | Identified the +12 falchion "Tocsahuci" {vamp, rPois} (You found it on level 5 of the Dungeon)
  4039 | D:5      | Noticed Grinder
  4047 | D:5      | Noticed an ice beast
  4051 | D:5      | Killed an ice beast
  4051 | D:5      | Reached skill level 1 in Long Blades
  4051 | D:5      | Reached XP level 7. HP: 46/46 MP: 14/14
  4189 | D:5      | Reached skill level 2 in Long Blades
  4459 | D:5      | Killed Grinder
  4459 | D:5      | Reached skill level 3 in Long Blades
  4506 | D:6      | Reached XP level 8. HP: 50/52 MP: 14/16
  4516 | D:6      | Found a burning altar of Makhleb.
  4688 | D:6      | Found an opulent altar of Gozag.
  4693 | D:6      | Found a basalt altar of Yredelemnul.
  4698 | D:6      | Found a shadowy altar of Dithmenos.
  4848 | D:6      | Noticed shnurlf's ghost (novice HOFi)
  4867 | D:6      | Found a staircase to the Ecumenical Temple.
  4874 | Temple   | Entered the Ecumenical Temple
  5160 | D:4      | Killed Menkaure
  5228 | D:4      | Reached skill level 4 in Long Blades
  5501 | D:4      | Noticed Natasha
  5507 | D:4      | Killed Natasha
  5663 | D:4      | Noticed Natasha
  5667 | D:4      | Killed Natasha
  5746 | D:4      | Found Jifeneiff's Antique Armour Shop.
  5828 | D:4      | Noticed Natasha
  5837 | D:4      | Killed Natasha
  5903 | D:3      | Killed HAL9000's ghost
  6033 | D:6      | Reached skill level 5 in Long Blades
  6107 | D:6      | Found an iron altar of Okawaru.
  6116 | D:6      | Became a worshipper of Warmaster Okawaru
  6290 | D:7      | Reached skill level 6 in Long Blades
  6396 | D:7      | Found Voeg Feu's Antique Armour Shoppe.
  6448 | D:7      | Bought a pair of embroidered gloves for 135 gold pieces
  6475 | D:7      | Reached XP level 9. HP: 57/57 MP: 16/18
  6481 | D:7      | Noticed Joseph
  6601 | D:4      | Bought a runed cloak for 121 gold pieces
  6760 | D:7      | Noticed a troll
  6761 | D:7      | Reached * piety under Okawaru
  6761 | D:7      | Reached skill level 1 in Shields
  6783 | D:7      | Noticed Prince Ribbit
  6846 | D:6      | Reached skill level 7 in Long Blades
  6943 | D:7      | Killed Prince Ribbit
  7546 | D:7      | Killed a troll
  8116 | D:8      | Reached skill level 8 in Long Blades
  8270 | D:8      | Found a blossoming altar of Fedhas.
  8655 | D:9      | Found a shimmering altar of Xom.
  8685 | D:9      | Noticed a troll
  8692 | D:9      | Killed a troll
  8693 | D:9      | Reached ** piety under Okawaru
  8754 | D:9      | Reached XP level 10. HP: 62/63 MP: 19/19
  8925 | D:9      | Reached skill level 9 in Long Blades
  9469 | D:10     | Entered Level 10 of the Dungeon
  9821 | D:9      | Killed an unseen horror
 10073 | D:9      | Reached *** piety under Okawaru
 10216 | D:10     | Reached skill level 5 in Shields
 10285 | D:10     | Reached skill level 10 in Long Blades
 10291 | D:10     | Reached skill level 1 in Fighting
 10334 | D:10     | Killed an unseen horror
 10334 | D:10     | Reached skill level 1 in Armour
 10573 | D:10     | Reached **** piety under Okawaru
 10600 | D:10     | Noticed a cyan ugly thing
 10610 | D:10     | Noticed an ogre mage
 10619 | D:10     | Killed a cyan ugly thing
 10628 | D:10     | Reached XP level 11. HP: 69/73 MP: 1/20
 10648 | D:10     | Killed an ogre mage
 10859 | D:10     | Killed an unseen horror
 11471 | D:11     | Found Leaxtausoh's Weapon Boutique.
 11525 | D:11     | Noticed a cyan ugly thing
 11535 | D:11     | Killed a cyan ugly thing
 11535 | D:11     | Reached ***** piety under Okawaru
 11694 | D:11     | Got a shimmering scale mail
 11705 | D:11     | Identified the +6 scale mail of the World {*Drain +Fly Dex+4 SInv} (You found it on level 11 of the Dungeon)
 11769 | D:11     | Noticed a hill giant
 11783 | D:11     | Killed a hill giant
 11847 | D:11     | Found a staircase to the Lair.
 12085 | D:11     | Noticed a hill giant
 12107 | D:11     | Killed a hill giant
 12107 | D:11     | Reached skill level 11 in Long Blades
 12299 | Lair:1   | Entered Level 1 of the Lair of Beasts
 12468 | Lair:1   | Got a pitted amethyst amulet
 12546 | Lair:1   | Received a gift from Okawaru
 12783 | Lair:1   | Learned a level 5 spell: Dispel Undead
 12789 | Lair:1   | Learned a level 5 spell: Bolt of Draining
 13080 | Lair:1   | Reached XP level 12. HP: 84/84 MP: 21/21
 13160 | Lair:2   | Identified the amulet "Plog" {Gourm Str+4} (You found it on level 1 of the Lair of Beasts)
 13304 | Lair:2   | Noticed an eight-headed hydra
 13833 | D:7      | Killed Joseph
 14041 | D:6      | Found a burning altar of Makhleb.
 14128 | D:6      | Found a staircase to the Ecumenical Temple.
 14174 | D:6      | Found an iron altar of Okawaru.
 14273 | D:6      | Killed shnurlf's ghost
 15419 | D:11     | Reached skill level 5 in Fighting
 15455 | D:12     | Found a staircase to the Orcish Mines.
 15476 | D:12     | Found Edusmash's Weapon Boutique.
 15523 | D:12     | Found a frozen archway.
 15602 | IceCv    | Entered an ice cave
 15655 | IceCv    | Reached skill level 5 in Dodging
 16521 | IceCv    | Noticed Mordaer's ghost (journeyman DDGl)
 16574 | IceCv    | Killed Mordaer's ghost
 17135 | D:12     | Found Evygitti's Distillery.
 17178 | D:12     | Noticed a six-headed hydra
 17186 | D:12     | HP: 3/86 [six-headed hydra (8)]
 17186 | D:12     | Mangled by a six-headed hydra

Vault maps used:
D:1:      ncdulo_watergridlock, lemuel_old_faithful
D:2:      gammafunk_temple_overflow_pools
D:4:      serial_shops, kennysheep_mini_moat, first_bread, uniq_natasha,
          uniq_menkaure
D:5:      gammafunk_temple_overflow_claw, serial_shops, shop, uniq_grinder
D:6:      okawaru_metal_pillars_1_2, old_standard_altar,
          minmay_overflow_temple_star_quad, minmay_misc_feat_rows,
          grunt_ministairs_7
D:7:      serial_shops, nicolae_shop_trees, uniq_prince_ribbit1, uniq_joseph
D:8:      basic_altar, hangedman_little_slice_of_home, minmay_misc_feat_tower
D:9:      xom_butterflies
D:10:     kb_rosetta
D:11:     lair_0_dummy, serial_shops, shop_statue, minmay_tree_intersection,
          centaur_isle
D:12:     orc_0_dummy, portal_ice_cave_entry_pillars_1, serial_shops, shop,
          shop, minmay_unpleasant_kobolds
Temple:   jpeg_temple_alley_garden
Lair:1:   serial_bayou_shore_b, infiniplex_staircase_pool
Lair:2:   beast_lair_carwin_10
IceCv:    ice_cave_tombish

Skill      XL: |  1  2  3  4  5  6  7  8  9 10 11 12 |
---------------+-------------------------------------+-----
Spellcasting   | 3 4 5 6 7 |  7.2
Necromancy     | 5 6 7 8 |  8.4
Long Blades    | 1 3 6 8 10 11 | 11.9
Shields        | 3 5 6 |  6.6
Fighting       | 2 4 5 |  5.6
Dodging        | 2 4 5 |  5.4
Armour         | 1 3 4 |  4.7
Stealth        | |  1.5

Action                   |  1- 3 |  4- 6 |  7- 9 | 10-12 || total
-------------------------+-------+-------+-------+-------++-------
Melee: Spear             |    29 |    28 |       |       ||    57
       Dagger            |       |     6 |       |       ||     6
       Flail             |       |    13 |       |       ||    13
       Falchion          |       |     6 |   323 |  1118 ||  1447
 Cast: Pain              |    49 |    80 |     3 |    11 ||   143
       Vampiric Draining |       |     9 |    28 |    21 ||    58
       Control Undead    |       |     1 |       |       ||     1
       Animate Dead      |       |     1 |       |       ||     1
Invok: Heroism           |       |       |     4 |    14 ||    18
       Finesse           |       |       |       |     2 ||     2
  Use: Scroll            |       |     5 |    10 |     4 ||    19
 Stab: Sleeping          |     3 |       |     2 |     6 ||    11
       Distracted        |       |       |     1 |       ||     1
Armor: Robe              |    10 |    13 |    63 |   123 ||   209
       Scale mail        |       |       |       |   274 ||   274
Dodge: Dodged            |    41 |    50 |   160 |   375 ||   626
Block: Buckler           |       |       |    33 |   207 ||   240
